 Dungeon Crawl Stone Soup version 0.28.0-53-g5a82cb258f (webtiles) character file.

Game seed: 4609843605403145807

44 nickcage the Firebug (level 3, -3/19 HPs)
             Began as a Deep Elf Fire Elementalist on May 24, 2022.
             Slain by a water moccasin skeleton (7 damage)
             ... on level 2 of the Dungeon.
             The game lasted 00:05:15 (1747 turns).

nickcage the Firebug (Deep Elf Fire Elementalist)   Turns: 1747, Time: 00:05:15

Health: -3/19      AC:  3    Str:  5    XL:     3   Next: 41%
Magic:  0/10       EV: 12    Int: 27    God:
Gold:   62         SH:  0    Dex: 15    Spells: 7/10 levels left

rFire   . . .      SeeInvis .   e - +0 short sword (speed)
rCold   . . .      Faith    .   (no shield)
rNeg    . . .      Spirit   .   a - +0 robe
rPois   .          Reflect  .   (no helmet)
rElec   .          Harm     .   b - +0 cloak
rCorr   .          Rampage  .   (no gloves)
Will    .....                   (no boots)
Stlth   ++........              (no amulet)
HPRegen 0.06/turn               c - +6 ring of intelligence
MPRegen 0.12/turn               (no ring)

@: no status effects
A: no striking features
a: no special abilities


You were on level 2 of the Dungeon.
You visited 1 branch of the dungeon, and saw 2 of its levels.

You collected 62 gold pieces.

Inventory:

Hand Weapons
 d - a +0 dagger
 e - a +0 short sword of speed (weapon)
Armour
 a - a +0 robe (worn)
 b - a +0 cloak (worn)
Jewellery
 c - a +6 ring of intelligence (left hand)
Scrolls
 g - a scroll of summoning
Potions
 f - a potion of brilliance {unknown}
 h - a potion of magic {unknown}


   Skills:
 - Level 2.4 Dodging
 - Level 2.4 Stealth
 - Level 4.0 Spellcasting
 * Level 1.2 Conjurations
 + Level 4.3 Fire Magic


You had 7 spell levels left.
You knew the following spells:

 Your Spells              Type           Power      Damage    Failure   Level
a - Foxfire               Conj/Fire      80%        2x1d8     2%          1
b - Scorch                Fire           56%        2d8       1%          2

Your spell library contained the following spells:

 Spells                   Type           Power      Damage    Failure   Level
 Apportation              Tloc           10%        N/A       8%          1
 Conjure Flame            Conj/Fire      20%        6-21      8%          3
 Inner Flame              Hex/Fire       17%        N/A       10%         3
 Flame Wave               Conj/Fire      20%        2d7       26%         4
 Alistair's Intoxication  Tmut/Pois      3%         N/A       91%         5


Dungeon Overview and Level Annotations

Branches:
Dungeon (2/15)

Altars:


Message History

You kill the rat!
The adder misses you.
A water moccasin skeleton comes into view.
Flames lash the adder.
The adder is severely wounded.
The adder's fire resistance burns away.
The adder bites you.
You are poisoned.
The adder poisons you!
Flames lash the adder.
The adder is burned terribly!
You kill the adder!
You feel sick.
Your Spellcasting skill increases to level 4!
A water moccasin skeleton is nearby!
You feel sick.
Flames lash the water moccasin skeleton.
The water moccasin skeleton is moderately damaged.
The water moccasin skeleton's fire resistance burns away.
You feel sick.
You feel sick. The water moccasin skeleton bites you.
You are too injured to fight recklessly!
You are too injured to fight recklessly!
You feel sick.
The water moccasin skeleton bites you but does no damage.
There is an open door here.
You feel sick.
You feel sick.
You are no longer poisoned.
The water moccasin skeleton is no longer more vulnerable to fire.
The water moccasin skeleton completely misses you.
The water moccasin skeleton bites you but does no damage.
Casting: Scorch (safe; 1% risk of failure)
Press: ? - help, Q - select action, (/) - cycle Dir - look around, f - activate Flames lash the water moccasin skeleton.
The water moccasin skeleton is moderately damaged.
The water moccasin skeleton's fire resistance burns away.
The water moccasin skeleton closely misses you.
There is an open door here.
The water moccasin skeleton is no longer more vulnerable to fire.
The water moccasin skeleton bites you!
You die...

............'.........'.......
##......)####.........####....
#.#.##..# ##.......## .
#.#.###.# ##.....## #.#.# #†#
##...## #.#.# #.# ##'## #.#.#
#.# #.# #.#.###.########Z##
#.....>.##.....@..###
###.######.##.........# #.#
#.##......##...
#.######.##.#...## #
#........##.##..#
###########.###... #.# ####
#.# #..


You could see a water moccasin skeleton.

Vanquished Creatures
  An adder (D:2)
  A dart slug (D:1)
  An orc (D:2)
  2 bats
  3 endoplasms
  3 goblins
  2 hobgoblins (D:1)
  4 jackals (D:1)
  A quokka (D:2)
  3 ball pythons (D:1)
  3 frilled lizards
  4 kobolds
  A rat (D:2)
29 creatures vanquished.

Vanquished Creatures (others)
  19 foxfires (D:1)
  5 fungi (D:2)
  8 plants (D:2)
32 creatures vanquished.

Grand Total: 61 creatures vanquished

Notes
Turn   | Place    | Note
-------+----------+-------------------------------------------
     0 | D:1      | nickcage the Deep Elf Fire Elementalist began the quest for
                  | the Orb.
     0 | D:1      | Reached XP level 1. HP: 10/10 MP: 6/6
   112 | D:1      | Reached XP level 2. HP: 14/15 MP: 5/8
   132 | D:1      | Learned a level 2 spell: Scorch
  1381 | D:2      | Reached XP level 3. HP: 19/19 MP: 7/10
  1747 | D:2      | Slain by a water moccasin skeleton

Illustrated notes

Levels and vault maps discovered:
D:1:      psy_arrival_radial02, layout_basic, minmay_misc_feat_doors
D:2:      layout_loops_corners, shapermc_ecumenical_altar_mp_urbaneastern,
          hangedman_abyss_or_decor_stabs

Skill      XL: |  1  2  3 |
---------------+----------+-----
Fire Magic     | 4 |  4.3
Spellcasting   | 4 |  4.0
Dodging        | |  2.4
Stealth        | |  2.4
Conjurations   | |  1.2

Action                   || total
-------------------------++-------
Melee: Unarmed           ||     9
       Dagger            ||     2
       Short sword       ||     1
 Cast: Foxfire           ||    11
       Scorch            ||    23
  Use: Scroll            ||     2
Armor: Robe              ||     4
Dodge: Dodged            ||    16
